 Dungeon Crawl Stone Soup version 0.22.1-2-g9c5b331 (webtiles) character file.

807 Malhgor the Reanimator (level 7, -7/36 HPs)
             Began as a Deep Elf Necromancer on Dec 8, 2018.
             Mangled by an ogre
             ... wielding a +0 giant club
              (20 damage)
             ... on level 6 of the Dungeon on Dec 13, 2018.
             The game lasted 00:29:33 (6108 turns).

Malhgor the Reanimator (Deep Elf Necromancer)       Turns: 6108, Time: 00:29:35

Health: -7/36      AC:  5    Str:  6    XL:     7   Next: 60%
Magic:  11/19      EV: 13    Int: 21    God:
Gold:   266        SH:  0    Dex: 15    Spells: 12/20 levels left

rFire    + . .     SeeInvis .   e - +1 whip (venom)
rCold    . . .     Gourm    .   (no shield)
rNeg     . . .     Faith    +   u - +1 robe {rC+}
rPois    .         Spirit   .   r - +1 helmet
rElec    .         Reflect  .   (no cloak)
rCorr    .         Harm     .   (no gloves)
MR       .....                  (no boots)
Stlth    ++........             y - amulet of faith
HPRegen  0.12/turn              w - ring of fire
MPRegen  0.16/turn              (no ring)

@: no status effects
A: no striking features
a: no special abilities


You were on level 6 of the Dungeon.
You were not hungry.

You visited 1 branch of the dungeon, and saw 6 of its levels.

You collected 266 gold pieces.

Inventory:

Hand Weapons
 e - a +1 whip of venom (weapon)
Armour
 a - a +0 robe
 r - a +1 helmet (worn)
 u - a +1 robe of cold resistance (worn)
Jewellery
 w - a ring of fire (left hand)
 y - an amulet of faith (around neck)
Wands
 n - a wand of polymorph (12)
 v - a wand of clouds (10)
 A - a wand of disintegration (17)
Scrolls
 f - 4 scrolls of fear
 h - a scroll of remove curse
 i - 5 scrolls of identify
 k - 2 scrolls of teleportation
Potions
 b - a potion of curing {unknown}
 d - 2 potions of haste {unknown}
 j - a potion of lignification {unknown}
 l - 2 potions of might {unknown}
 m - a potion of heal wounds
 p - a potion of degeneration {unknown}
 s - 3 potions of cancellation {unknown}
 x - a potion of agility {unknown}
 z - a potion of flight {unknown}
Comestibles
 c - 5 rations


   Skills:
 - Level 2.4 Dodging
 - Level 2.4 Stealth
 + Level 7.0 Spellcasting
 * Level 9.7 Necromancy


You had 12 spell levels left.
You knew the following spells:

 Your Spells              Type           Power        Failure   Level  Hunger
a - Pain                  Necr           ####         1%          1    None
b - Regeneration          Chrm/Necr      ####......   3%          3    #......
c - Animate Dead          Necr           N/A          1%          4    ###....

Your spell library contained the following spells:

 Spells                   Type           Power        Failure   Level  Hunger
 Animate Skeleton         Necr           N/A          1%          1    None
 Vampiric Draining        Necr           #####.....   1%          3    #......


Dungeon Overview and Level Annotations

Branches:
Dungeon (6/15)
 Temple: D:4-7

Altars:
Cheibriados
Gozag
Qazlal

Annotations:
D:1 Done
D:2 Done
D:3 Done, Eustachio
D:4 Done


Message History

Casting: Pain (safe; 1% risk of failure)
Confirm with . or Enter, or press ? or * to list all spells.
Aiming: Pain (safe; 1% risk of failure)
Press: ? - help, Shift-Dir - straight line, f/p - ogre
Aim: an ogre, wielding a giant club (lightly wounded, chance to defeat MR: 84%)
The ogre writhes in agony!
The ogre hits you with a giant club!
Casting: Pain (safe; 1% risk of failure)
Confirm with . or Enter, or press ? or * to list all spells.
Aiming: Pain (safe; 1% risk of failure)
Press: ? - help, Shift-Dir - straight line, f/p - ogre
Aim: an ogre, wielding a giant club (moderately wounded, chance to defeat MR: The ogre barely resists.
Casting: Pain (safe; 1% risk of failure)
Confirm with . or Enter, or press ? or * to list all spells.
Aiming: Pain (safe; 1% risk of failure)
Press: ? - help, Shift-Dir - straight line, f/p - ogre
Aim: an ogre, wielding a giant club (moderately wounded, chance to defeat MR: The ogre writhes in agony!
The ogre hits you with a giant club!!
Ouch! That really hurt!
You die...

#..# #..# # #..# .#
#..### ########. #....#
##....... #.##.#
........#####.##.#
###O##.......#
#..@...#####.####
#......##.......#
..........##.##....#
...##......##.##.##.####
.. #......##.##........
. ###.#........##..###
#.#.###..#........
##.#.###........###
...............<#


You could see an ogre.

Vanquished Creatures
  Sigmund (D:3)
  2 scorpions
  2 crimson imps (D:5)
  2 bullfrog skeletons
  4 worker ants
  Terence (D:2)
  3 iguanas (D:5)
  Ijyb (D:3)
  Robin (D:3)
  3 adders
  An ooze (D:4)
  2 worms
  4 dart slugs
  5 leopard geckos
  2 orcs (D:3)
  6 ball pythons
  4 giant cockroaches
  18 goblins
  16 hobgoblins
  9 jackals
  4 kobolds
  2 quokkas
  12 bats
  6 frilled lizards
  A jackal skeleton (D:4)
  A leopard gecko skeleton (D:5)
  8 rats
121 creatures vanquished.

Vanquished Creatures (collateral kills)
  A scorpion (D:5)
  A hound skeleton (D:4)
2 creatures vanquished.

Vanquished Creatures (others)
  A hobgoblin (D:3)
1 creature vanquished.

Grand Total: 124 creatures vanquished

Notes
Turn   | Place    | Note
-------+----------+-------------------------------------------
     0 | D:1      | Malhgor the Deep Elf Necromancer began the quest for the
                  | Orb.
     0 | D:1      | Reached XP level 1. HP: 10/10 MP: 6/6
    15 | D:1      | Learned a level 1 spell: Animate Skeleton
   263 | D:1      | Reached skill level 5 in Necromancy
   403 | D:1      | Reached XP level 2. HP: 10/15 MP: 5/8
   873 | D:1      | Reached XP level 3. HP: 12/19 MP: 5/10
  1693 | D:2      | Reached skill level 6 in Necromancy
  1863 | D:2      | Reached XP level 4. HP: 11/24 MP: 7/12
  2140 | D:2      | Found a stormy altar of Qazlal.
  2173 | D:2      | Noticed Terence
  2191 | D:2      | Killed Terence
  3049 | D:3      | Learned a level 4 spell: Animate Dead
  3216 | D:3      | Noticed Robin
  3337 | D:3      | Reached XP level 5. HP: 20/28 MP: 10/13
  3441 | D:2      | Reached skill level 7 in Necromancy
  3826 | D:3      | Noticed Sigmund
  3878 | D:3      | Killed Robin
  4010 | D:3      | Killed Sigmund
  4010 | D:3      | Reached skill level 5 in Spellcasting
  4010 | D:3      | Reached XP level 6. HP: 11/32 MP: 6/16
  4062 | D:3      | Reached skill level 8 in Necromancy
  4137 | D:4      | Found a snail-covered altar of Cheibriados.
  4367 | D:3      | Found a stormy altar of Qazlal.
  4555 | D:3      | Noticed Ijyb
  4565 | D:3      | Killed Ijyb
  4650 | D:4      | Noticed Eustachio
  5172 | D:5      | Entered Level 5 of the Dungeon
  5516 | D:4      | Reached XP level 7. HP: 20/36 MP: 15/18
  5529 | D:4      | Found an opulent altar of Gozag.
  5730 | D:5      | Reached skill level 9 in Necromancy
  6045 | D:6      | Learned a level 3 spell: Regeneration
  6108 | D:6      | Mangled by an ogre

Skill      XL: |  1  2  3  4  5  6  7 |
---------------+----------------------+-----
Necromancy     | 5 6 7 8 9 |  9.7
Spellcasting   | 4 5 6 7 |  7.0
Dodging        | |  2.4
Stealth        | |  2.4

Action                   |  1- 3 |  4- 6 |  7- 9 || total
-------------------------+-------+-------+-------++-------
Melee: Whip              |     2 |    25 |    28 ||    55
 Cast: Pain              |    75 |   151 |    35 ||   261
       Animate Skeleton  |     4 |     5 |       ||     9
       Animate Dead      |       |    11 |     4 ||    15
       Regeneration      |       |       |     1 ||     1
  Use: Scroll            |       |       |     7 ||     7
  Eat: Chunk             |     3 |     8 |       ||    11
       Ration            |       |     1 |     1 ||     2
Armor: Robe              |    12 |    27 |    12 ||    51
Dodge: Dodged            |    16 |    63 |    31 ||   110
